Losesalot, chaotic male human Priest ------------- --#`##-....(..|.|.| .@### |.(.|.^.****| .| ##..(.........| % |.||(|...||.| W W W WW (| -------`----- W Z%.# ` .|W # W # # W # # # ## #####*###Z##Z################## --.-- W # ----.- |...| W ### |....| |).(| # |^...| |.|^| ##Z|....| |[)..# #-.%[^| ----- W ------ W Losesalot the Curate Experience level: 15 Strength: 19 Dexterity: 15 Constitution: 18 Intelligence: 9 Wisdom: 18 Charisma: 9 Health: 2(133) Energy: 118(187) Def: 24 Gold: 1070 Moves: 26648 Dungeon seed: aQjJVp56HxMj3SVX Game ID: Losesalot_1521890410 Your Inventory: Coins $ - 1070 gold pieces Amulets W - an uncursed amulet of reflection (being worn) Weapons p - the uncursed rustproof +6 Frost Brand Armor e - an uncursed fireproof +0 robe (being worn) n - a blessed +0 small shield (being worn) s - a blessed +2 helmet (being worn) z - a blessed +2 pair of leather gloves of cold immunity (being worn) F - a blessed greased +3 gray dragon scale mail (being worn) V - a blessed +2 pair of low boots (being worn) Comestibles d - 2 uncursed sprigs of wolfsbane j - 5 uncursed food rations D - an uncursed female cockatrice corpse (weapon in hand) U - 2 uncursed C-rations Scrolls t - an uncursed scroll of earth u - 2 uncursed scrolls of teleportation E - 2 uncursed scrolls of teleportation L - 2 uncursed scrolls of scare monster P - 2 uncursed scrolls of create monster Potions G - 2 potions of holy water M - an uncursed potion of water Rings a - an uncursed +3 ring of increase damage b - a blessed ring of polymorph control h - an uncursed +8 ring of searching w - an uncursed ring of slow digestion H - an uncursed ring of conflict (on right hand) T - an uncursed ring of free action (on left hand) Wands g - an uncursed wand of sleep (0:2) r - an uncursed wand of make invisible (0:3) v - an uncursed wand of cold (0:3) x - an uncursed wand of speed monster (0:1) B - an uncursed wand of digging (0:7) C - an uncursed wand of create monster (0:7) N - an uncursed wand of teleportation (0:4) Q - an uncursed wand of digging (0:4) Tools f - an uncursed towel k - an uncursed +0 unicorn horn l - an uncursed stethoscope I - an uncursed skeleton key J - an uncursed bag of holding Z - an uncursed tin opener Gems q - a blessed luckstone Contents of the bag of holding: 7117 gold pieces an uncursed +0 pair of levitation boots an uncursed clove of garlic 8 blessed lumps of royal jelly 2 uncursed lumps of royal jelly a blessed scroll of amnesia 2 blessed scrolls of blank paper 5 uncursed scrolls of blank paper a cursed scroll of charging 2 uncursed scrolls of confuse monster 2 uncursed scrolls of destroy armor an uncursed scroll of earth a blessed scroll of enchant weapon 2 uncursed scrolls of fire an uncursed scroll of gold detection 3 blessed scrolls of identify 5 uncursed scrolls of identify an uncursed scroll of light an uncursed scroll of remove curse an uncursed spellbook of blank paper 2 uncursed potions of confusion a potion of holy water an uncursed potion of levitation an uncursed wand of digging (0:7) an uncursed wand of digging (0:6) an uncursed wand of digging (0:3) an uncursed wand of make invisible (0:7) an uncursed wand of opening (0:4) Spells and supernatural/magical abilities: Name Level Category Cost Memory a - force bolt 1 attack 5pw 63% c - cause fear 3 enchantment 27pw 95% h - healing 1 healing 5pw 59% j - jumping 1 escape 5pw 86% l - light 1 divination 5pw 83% m - magic missile 2 attack 10pw 66% n - detect monsters 1 divination 5pw 64% p - protection 1 clerical 5pw 71% r - remove curse 3 clerical 15pw 93% s - slow monster 2 enchantment 10pw 95% x - extra healing 3 healing 24pw 96% y - astral eyesight 7 divination 184pw 89% z - sleep 1 enchantment 5pw 67% B - cure blindness 2 healing 10pw 69% I - identify 2 divination 10pw 59% K - cure sickness 3 healing 24pw 99% L - levitation 4 escape 105pw 95% N - summon nasty 7 clerical 184pw 92% O - create monster 2 clerical 10pw 77% R - restore ability 4 healing 90pw 95% S - stone to flesh 3 healing 27pw 88% U - detect unseen 3 divination 15pw 99% W - pray for help -- divine ? -- X - turn undead -- divine ? -- Your skills at the end: Fighting Skills wands [Expert] Weapon Skills long sword [Basic] mace [Expert] Spellcasting Skills divination spells [Skilled] clerical spells [Skilled] Final Attributes: You were fire resistant. You were immune to cold. You were sleep resistant. You were shock resistant. You were poison resistant. You were magic resistant. You saw invisible. You were telepathic. You were warned. You were sensing the presence of monsters. You were invisible. You were conflicting. You were protected. You were fast. You had reflection. You had free action. You were extremely lucky. You had extra luck. Good luck did not time out for you. You angered your god 625 turns ago. You are dead. Vanquished creatures: Medusa a master lich a purple worm a red dragon a Nazgul a baby shimmering dragon 8 vampire lords 3 captains a clay golem 3 nurses 2 ice devils a lurker above an Aleax 2 golden nagas 3 black puddings 10 vampires 13 ghosts 5 lieutenants a caveman a samurai a wizard a queen bee a mind flayer a giant mimic 2 zruties a fire giant 5 ice trolls 3 rock trolls a flesh golem a doppelganger a bone devil a large mimic 2 wumpuses a baby long worm 6 long worms 5 stalkers 2 fire elementals an earth elemental a water elemental a hill giant 3 giant mummies 4 black nagas a xorn 6 giant zombies 5 sergeants 2 water demons 2 barbed devils 17 wargs 12 small mimics 2 warhorses 2 xans 4 ettin mummies 2 ogre lords 8 quantum mechanics 8 trolls 2 wood golems 2 erinyes a shark 3 gelatinous cubes 2 large dogs 2 freezing spheres 5 shocking spheres 4 large cats 3 tigers 2 gargoyles 4 tengu an ochre jelly a leocrotta 2 mountain centaurs 4 stone giants an elf mummy 4 human mummies a green slime a pit viper 2 pythons 39 wraiths a carnivorous ape 4 ettin zombies 2 leather golems a Grey-elf 37 soldiers 2 horned devils 2 incubi 2 chameleons a crocodile 4 giant beetles 2 quivering blobs 16 cockatrices 3 wolves 3 winter wolf cubs 5 gremlins 2 spotted jellies 32 leprechauns 3 orc-captains 2 iron piercers 5 giant spiders 3 scorpions 3 horses 2 ice vortices 3 black lights 4 vampire bats 2 gnome kings 5 orc mummies 4 dwarf mummies an ogre a brown pudding 7 rust monsters 4 owlbears 5 yetis a gold golem 3 werewolves 7 Green-elves 5 giant eels 13 lizards 3 acolytes 2 chickatrices 2 dogs 3 dingos 4 housecats 2 jaguars 5 dwarf lords 2 blue jellies 3 white unicorns a gray unicorn 3 dust vortices a raven a plains centaur a gnome mummy 3 snakes 10 apes 83 human zombies 2 rope golems 4 Woodland-elves 14 soldier ants 3 fire ants 8 bugbears 3 imps 4 quasits 4 wood nymphs 5 water nymphs 2 mountain nymphs 14 Mordor orcs 25 Uruk-hai an orc shaman 3 rock piercers 3 rock moles 3 ponies 4 fog clouds 8 yellow lights a shrieker 3 violet fungi 18 gnome lords 8 gnomish wizards 7 kobold mummies a red naga hatchling a black naga hatchling a golden naga hatchling a gray ooze 5 barrow wights 17 elf zombies 11 ghouls a straw golem 2 paper golems 3 jellyfish a baby crocodile 12 giant ants 2 little dogs 10 floating eyes 23 dwarves 7 homunculi a kobold lord 9 kobold shamans 10 hill orcs 18 rothes a rabid rat a centipede 4 giant bats a monkey 28 orc zombies 9 dwarf zombies 2 wererats 2 werejackals 10 iguanas 48 killer bees an acid blob 6 coyotes 3 gas spores 8 hobbits 3 manes 3 large kobolds 13 hobgoblins 9 giant rats 12 cave spiders 4 brown molds 3 yellow molds a green mold 2 red molds 58 gnomes 27 garter snakes 16 gnome zombies 9 geckos 7 jackals a fox 3 kobolds 9 goblins 5 sewer rats 10 grid bugs 5 bats 6 lichens 14 kobold zombies 7 newts 1227 creatures vanquished. Genocided or extinct species: liches demiliches master liches arch-liches vampires vampire lords wraiths (extinct) human zombies (extinct) 6 species genocided. 2 species extinct. Voluntary challenges: You used a wielded weapon 1824 times, starting on turn 70. You read items or engraved 264 times, starting on turn 1367. You genocided 6 types of monsters, starting on turn 20797. You polymorphed 3 items, starting on turn 1633. You never changed form. You used 1 wish, starting on turn 8424. You did not wish for any artifacts. You split 2 puddings, starting on turn 22173. You wrote Elbereth's name 1 time, starting on turn 2812. You violated your moral code, losing 470 points of alignment, starting on turn 2265. Dungeon overview: The Dungeons of Doom: levels 1 to 26 Level 1 a sink a long staircase Level 2 a bookstore, some fountains, a vault stairs to The Gnomish Mines Level 3 a fountain Level 4 Level 5 a fountain Level 6 Level 7 stairs to Sokoban Level 8 a general store Level 9 a hardware shop, a fountain Level 10 a fountain Level 11 a vault Level 12 an altar to Susanowo, a fountain Level 13 a vault portal to The Quest Level 14 Level 15 a general store Level 16 a temple to Susanowo, some sinks Level 17 Level 18 a bookstore Level 19 an altar to Raijin, a vault Level 20 a fountain Level 21 a fountain Level 22 an altar to Susanowo, a vault Level 23 a fountain Level 24 Level 25 Level 26 a fountain, a throne The Gnomish Mines: levels 3 to 10 Level 3 stairs to The Dungeons of Doom Level 4 Level 5 many shops, a temple to Raijin, some fountains, some trees Level 6 Level 7 Level 8 Level 9 Level 10 some fountains The Quest: levels 1 to 6 Level 1 a temple to Moloch portal to The Dungeons of Doom Level 2 Level 3 Level 4 Level 5 Level 6 <- You were here Sokoban: levels 3 to 6 Level 3 Level 4 Level 5 Level 6 Solved stairs to The Dungeons of Doom History has recorded: On T:1 you entered the Dungeons of Doom to retrieve the Amulet of Yendor! On T:320 you reached level 2 of The Dungeons of Doom. On T:406 you advanced to experience level 2. On T:607 you reached level 1 of The Gnomish Mines. On T:687 you advanced to experience level 3. On T:710 you advanced to experience level 4. On T:932 you reached level 2 of The Gnomish Mines. On T:1353 you advanced to experience level 5. On T:1416 you reached level 3 of The Gnomish Mines. On T:1633 you advanced to experience level 6. On T:2008 you reached level 4 of The Gnomish Mines. On T:2196 you advanced to experience level 7. On T:2432 you reached level 5 of The Gnomish Mines. On T:2974 you reached level 6 of The Gnomish Mines. On T:3338 you reached level 7 of The Gnomish Mines. On T:3646 you advanced to experience level 8. On T:3878 you reached level 8 of The Gnomish Mines. On T:5884 you reached level 3 of The Dungeons of Doom. On T:6307 you reached level 4 of The Dungeons of Doom. On T:6642 you reached level 5 of The Dungeons of Doom. On T:7070 you reached level 6 of The Dungeons of Doom. On T:7168 you reached level 7 of The Dungeons of Doom. On T:7715 you reached level 8 of The Dungeons of Doom. On T:8128 you reached level 9 of The Dungeons of Doom. On T:8424 you wished for "blessed greased +2 gray dragon scale mail". On T:8727 you advanced to experience level 9. On T:8891 you reached level 10 of The Dungeons of Doom. On T:9155 you reached level 11 of The Dungeons of Doom. On T:9628 you reached level 12 of The Dungeons of Doom. On T:10928 you received Orcrist from Susanowo. On T:11473 you reached level 13 of The Dungeons of Doom. On T:12052 you reached level 14 of The Dungeons of Doom. On T:12289 you reached level 15 of The Dungeons of Doom. On T:13087 you advanced to experience level 10. On T:14060 you reached level 4 of Sokoban. On T:14427 you reached level 3 of Sokoban. On T:15151 you reached level 2 of Sokoban. On T:15802 you reached level 1 of Sokoban. On T:17640 you reached level 16 of The Dungeons of Doom. On T:17927 you received Frost Brand from Susanowo. On T:18061 you advanced to experience level 11. On T:18065 you reached level 17 of The Dungeons of Doom. On T:18710 you reached level 18 of The Dungeons of Doom. On T:19528 you reached level 19 of The Dungeons of Doom. On T:19953 you reached level 20 of The Dungeons of Doom. On T:20009 you reached level 21 of The Dungeons of Doom. On T:20263 you advanced to experience level 12. On T:20505 you reached level 22 of The Dungeons of Doom. On T:20722 you advanced to experience level 13. On T:21601 you reached level 23 of The Dungeons of Doom. On T:21844 you advanced to experience level 14. On T:22257 you reached level 25 of The Dungeons of Doom. On T:23131 you advanced to experience level 15. On T:23455 you advanced to experience level 16. On T:25100 you reached level 1 of The Quest. On T:25175 you embarked upon an epic quest. On T:25231 you reached level 2 of The Quest. On T:25340 you reached level 3 of The Quest. On T:26024 you reached level 4 of The Quest. On T:26044 you reached level 5 of The Quest. On T:26236 you reached level 6 of The Quest. Score breakdown: Gold: 8187 (13311 points) Experience: 15 levels (20844 points) Exploration: 26 levels ( 55.32%) (22116 points) Discoveries: 126 items ( 42.00%) (19442 points) Valuables value: (no points given unless you survive) Artifact value: 3000 (11828 points) Variety of kills: 211 monsters ( 55.53%) (22354 points) Turncount: 26648 turns (-3826 points) Survival: died (score multiplied by 80%) Total score: 84855 Latest messages: You read: "Look out below!". A lit field surrounds you! Something is engraved here on the headstone. You read: "The Grave of the Unknown Hacker". You are now wielding your female cockatrice corpse. You hear some noises in the distance. Nalzok hits! (3x) You begin bashing monsters with your female cockatrice corpse. You miss Nalzok. Nalzok hits! (6x) You dig a hole through the floor. You fall through... Falling, you touch the female cockatrice corpse. You turn to stone... Final status: Goodbye Losesalot the Priest, petrified by falling through a hole while wielding a female cockatrice corpse... You turned to stone in The Quest on dungeon level 6 with 84855 points, and 8187 pieces of gold, after 26648 moves. You were level 15 with a maximum of 133 hit points when you turned to stone.